 Dungeon Crawl Stone Soup version 0.24-a0-769-g368c1644f8 (webtiles) character file.

Game seed: 6713569423514117568, levelgen mode: deterministic

0 Gargoyl the Skirmisher (level 1, -10/19 HPs)
             Began as a Centaur Abyssal Knight on Oct 6, 2019.
             Was a Follower of Lugonu.
             Killed from afar by an efreet (24 damage)
             ... with a fireball
             ... on level 3 of the Abyss.
             The game lasted 00:00:23 (128 turns).

Gargoyl the Skirmisher (Centaur Abyssal Knight)      Turns: 128, Time: 00:00:24

Health: -10/19     AC:  4    Str: 13 (14) XL:     1   Next: 0%
Magic:  2/2        EV:  8    Int: 10 (11) God:    Lugonu [*.....]
Gold:   26         SH:  2    Dex:  6 (8)  Spells: 0/0 levels left

rFire    . . .     SeeInvis .   a - +1 hand axe
rCold    . . .     Gourm    .   d - +0 buckler
rNeg     . . .     Faith    .   b - +0 leather armour
rPois    .         Spirit   .   (no helmet)
rElec    .         Reflect  .   (no cloak)
rCorr    .         Harm     .   (no gloves)
MR       .....     Rnd*Tele +   (no barding)
Stlth    ..........             (no amulet)
HPRegen  0.06/turn              e - ring of teleportation (curse)
MPRegen  0.08/turn              (no ring)

@: very quick
A: large, hooves 3, deformed body, speed 2, tough skin 3
a: Depart the Abyss, Renounce Religion


You were on level 3 of the Abyss.
You worshipped Lugonu.
Lugonu was aware of your devotion.
You were not hungry.

You visited 0 branches of the dungeon, and saw 0 of its levels.
You visited the Abyss 1 time.

You collected 26 gold pieces.

Inventory:

Hand Weapons
 a - a +1 hand axe (weapon)
Armour
 b - a +0 leather armour (worn)
 d - a +0 buckler (worn)
Jewellery
 e - a cursed ring of teleportation (left hand)
Comestibles
 c - 2 rations


   Skills:
 + Level 3.0 Fighting
 + Level 1.7 Axes
 + Level 1.3 Armour
 + Level 0.6 Dodging
 + Level 2.0 Invocations


You couldn't memorise any spells.
You didn't know any spells.
Your spell library was empty.

Dungeon Overview and Level Annotations

Branches:
Dungeon (0/15)

Altars:


Innate Abilities, Weirdness & Mutations

You have hooves in place of feet.
Armour fits poorly on your strangely shaped body.
You cover ground very quickly.
You have extremely tough skin. (AC +3)


Message History

Found a large agate ring.
Found a gateway leading deeper into the Abyss.
Found 16 gold pieces, a ration and a knobbly runed staff.
Found 5 gold pieces.
e - a large agate ring You feel slightly jumpy.
Oops, that ring feels deathly cold.
e - a cursed ring of teleportation (left hand)
You now have 10 gold pieces (gained 5).
You now have 26 gold pieces (gained 16).
c - 2 rations (gained 1)
Found a shiny helmet.
An orb spider comes into view.
An efreet comes into view.
It is wielding a +0 scimitar of flaming.
A worldbinder comes into view.
The worldbinder calls forth creatures from the Vaults!
The ironheart preserver shouts!
The efreet gestures at you.
The fireball explodes!
The fireball engulfs you!!
Ouch! That really hurt!
You die...

##..# .....# . . .
. #...# . .# ..
.... . #.## #.# .#
... .....#. .. .#
|... ... ###..# .#
#.. .## ..
..##..#.###.###.##
. .##..
.........#...... #
..
.#.#..........#...#
. ## #
#.###.°R.@....#.#
.. #
##.#...##........#
#.# .#
.#..#...#...##### .
. .####..#..##.###
... ..
#..##.......### #.
.
....px##..........#
# ..
...cp##.##.##.# .
.#.##..#.#.
#...#...# .# ..
#.#[.##.#.# #...#


You could see an ironheart preserver, a worldbinder and an efreet.

Vanquished Creatures (others)
  A lurking horror (Abyss:2)
1 creature vanquished.

Notes
Turn   | Place    | Note
-------+----------+-------------------------------------------
     0 | Abyss:1  | Gargoyl the Centaur Abyssal Knight began the quest for the
                  | Orb.
     0 | Abyss:1  | Reached XP level 1. HP: 19/19 MP: 2/2
   122 | Abyss:3  | Noticed an orb spider
   125 | Abyss:3  | Noticed an efreet
   127 | Abyss:3  | Noticed a worldbinder
   128 | Abyss:3  | Noticed a yaktaur
   128 | Abyss:3  | Noticed a vault sentinel
   128 | Abyss:3  | Noticed an ironheart preserver
   128 | Abyss:3  | Killed from afar by an efreet

Levels and vault maps discovered:
Abyss:3:  onia_ninara_dug_in_and_dangerous

Action                   || total
-------------------------++-------
  Use: Potion            ||     1

Table legend:
 A = Non-vault XP
 B = Vault XP
 C = Vault XP percentage of total XP
 D = Non-vault monster count
 E = Vault monster count
 F = Vault count percentage of total count
                 A         B        C        D         E       F
            +---------+---------+-------+---------+---------+-------
      Total |       0 |       0 |   N/A |       0 |       0 |  -nan
            +---------+---------+-------+---------+---------+-------
            +---------+---------+-------+---------+---------+-------
